Map: Dusk Towers

Players

Miszu

  • Race: Terran Terran
  • League: Master

Guru - Winner!

  • Race: Zerg Zerg
  • League: Master

VOD

Have the link to the VOD?

Description

Time

  • Played on: Feb. 6, 2016, 4:02 p.m.
  • Length: 9:59
Show
View Real Time Build Order
Export as new Build Order

Miszu Terran 

Build Orders: MMM Bio 

Get SALT Encoding   

  12  0:00  SCV  
  13  0:13  SCV  
  14  0:17  Supply Depot  
  14  0:25  SCV  
  15  0:39  SCV  
  15  0:40  Barracks  
  16  0:43  Refinery  
  16  0:51  SCV  
  17  1:03  SCV  
  18  1:15  SCV  
  19  1:27  Orbital Command  
  19  1:28  Barracks Reactor  
  19  1:40  Command Center  
  19  1:51  Supply Depot  
  19  1:53  SCV  
  20  2:04  Reaper  
  20  2:05  Reaper, SCV  
  23  2:17  SCV  
  24  2:26  Command Center  
  24  2:29  SCV  
  26  2:39  Reaper  
  26  2:40  Reaper  
  26  2:43  SCV  
  28  2:51  Orbital Command  
  28  2:55  SCV  
  29  3:04  Barracks  
  29  3:07  SCV  
  29  3:10  Barracks  
  30  3:13  Refinery  
  30  3:16  Reaper  
  30  3:19  SCV  
  32  3:22  Reaper, SCV  
  34  3:31  SCV  
  34  3:34  SCV  
  34  3:40  Orbital Command  
  35  3:43  SCV  
  35  3:46  SCV  
  37  3:53  Barracks Tech Lab  
  37  3:55  SCV  
  38  3:58  SCV  
  38  4:00  Barracks Tech Lab  
  39  4:05  SCV  
  39  4:06  Factory  
  39  4:07  SCV  
  39  4:08  Marine  
  39  4:09  Refinery  
  42  4:10  Refinery, Marine, SCV  
  42  4:15  Marine  
  42  4:16  Stimpack  
  45  4:19  SCV  
  45  4:20  Marine  
  45  4:21  Orbital Command  
  45  4:23  SCV  
  48  4:26  Marine  
  48  4:28  Marine  
  48  4:31  SCV, Combat Shields  
  50  4:33  Marine  
  50  4:35  SCV  
  50  4:38  Supply Depot, Marine  
  53  4:44  Marine, SCV  
  55  4:46  Marine  
  55  4:47  SCV, Orbital Command  
  55  4:50  Marine  
  58  4:52  Factory Reactor  
  58  4:54  Starport  
  58  4:56  Marine, SCV  
  58  4:57  Engineering Bay  
  58  4:58  Engineering Bay  
  61  5:00  Supply Depot  
  61  5:02  Supply Depot, Marine, SCV  
  61  5:04  Marine  
  63  5:08  Marine, SCV  
  63  5:14  Marine, SCV x2  
  66  5:20  SCV  
  69  5:21  Marine  
  69  5:26  Supply Depot, SCV x2  
  69  5:28  Supply Depot, Terran Infantry Weapons Level 1, Terran Infantry Armor Level 1  
  72  5:32  SCV  
  73  5:37  Supply Depot  
  73  5:38  SCV  
  73  5:39  SCV  
  73  5:40  Supply Depot  
  75  5:44  Factory Tech Lab, SCV  
  75  5:45  Medivac x2  
  80  5:50  SCV  
  80  5:51  Marine  
  80  5:56  SCV x2  
  84  5:57  Barracks  
  84  5:58  Barracks  
  84  5:59  Marine x2  
  84  6:02  SCV  
  84  6:03  Supply Depot  
  87  6:04  Supply Depot  
  87  6:06  Marine  
  87  6:08  SCV  
  87  6:09  Marine, SCV  
  91  6:15  SCV  
  91  6:17  Marine x2  
  94  6:18  Medivac x2  
  94  6:20  Factory Reactor  
  94  6:24  Marine  
  94  6:25  SCV x2  
  101  6:27  SCV  
  101  6:30  Supply Depot, Marine  
  101  6:32  Supply Depot  
  103  6:34  Refinery  
  103  6:35  Refinery  
  103  6:37  SCV  
  103  6:38  Armory  
  104  6:40  Marine  
  104  6:41  Marine x2  
  104  6:42  SCV  
  104  6:46  Barracks Reactor x2  
  108  6:47  SCV  
  108  6:48  Marine  
  110  6:55  SCV  
  110  6:56  Widow Mine x2  
  110  6:57  Medivac x2  
  110  6:58  Marine  
  110  6:59  Marine x2  
  122  7:06  Marine  
  107  7:16  Marine x2  
  107  7:17  Marine  
  105  7:23  Marine  
  105  7:24  Marine  
  105  7:25  Marine, Widow Mine  
  105  7:26  Marine x2, Missile Turret  
  105  7:27  Medivac  
  105  7:29  Terran Infantry Armor Level 2, Missile Turret x2  
  107  7:31  Terran Infantry Weapons Level 2  
  107  7:34  Marine x2  
  107  7:35  Marine  
  110  7:39  SCV x2  
  110  7:41  Marine  
  110  7:42  Marine  
  110  7:43  Marine  
  110  7:44  Marine x2  
  115  7:45  Widow Mine  
  115  7:46  Medivac  
  121  7:51  Marine, Barracks  
  121  7:53  Barracks  
  121  7:54  Barracks  
  121  7:55  Widow Mine  
  121  7:56  Supply Depot  
  126  7:59  Marine x2  
  126  8:00  Marine  
  126  8:01  Marine  
  126  8:02  Marine, Missile Turret  
  126  8:03  Missile Turret  
  126  8:05  Missile Turret  
  131  8:06  Marauder  
  131  8:07  Concussive Shells  
  131  8:08  Marauder  
  131  8:09  Marine  
  134  8:14  Widow Mine  
  134  8:17  Marine  
  134  8:19  Supply Depot  
  137  8:20  Supply Depot  
  137  8:21  Supply Depot  
  137  8:23  Marine x4  
  137  8:24  Widow Mine  
  143  8:27  Marine, Marauder  
  143  8:30  Marauder  
  148  8:37  Marine  
  148  8:38  Medivac  
  148  8:39  Barracks Tech Lab  
  148  8:40  Barracks Tech Lab x2, Command Center  
  151  8:43  Widow Mine  
  151  8:44  Medivac  
  154  8:49  Marauder  
  154  8:54  Marine, Marauder  
  157  9:05  Marine x7, Marauder, Widow Mine  
  157  9:08  Medivac  
  157  9:09  Marine  
  170  9:12  Marine  
  170  9:15  Marine  
  173  9:23  Marine x3, Command Center  
  125  9:41  Marine  
Show
View Real Time Build Order
Export as new Build Order

Guru Zerg - Winner!

Build Orders: Hatch First, Muta Ling Bane 

Get SALT Encoding   

  12  0:01  Drone  
  13  0:12  Overlord  
  13  0:17  Drone  
  14  0:30  Drone  
  14  0:31  Drone  
  14  0:34  Drone  
  17  0:54  Drone, Hatchery  
  17  1:08  Spawning Pool  
  17  1:10  Extractor  
  15  1:12  Drone  
  15  1:15  Drone  
  17  1:19  Drone  
  18  1:28  Drone  
  19  1:41  Overlord  
  19  1:54  Queen  
  21  2:05  Queen  
  21  2:07  Zergling x4  
  25  2:10  Drone  
  25  2:11  Metabolic Boost  
  26  2:17  Drone x2  
  28  2:31  Hatchery  
  28  2:32  Drone  
  28  2:39  Drone x2  
  28  2:40  Drone  
  31  2:51  Overlord  
  31  2:54  Queen  
  33  3:09  Queen  
  33  3:11  Drone x3  
  33  3:12  Drone x3  
  41  3:16  Drone  
  42  3:21  Overlord  
  42  3:29  Drone x2  
  42  3:31  Overlord  
  44  3:34  Overlord  
  44  3:35  Overlord  
  44  3:43  Queen  
  44  3:46  Drone x3  
  44  3:47  Drone  
  50  3:52  Zergling x4  
  50  3:53  Zergling x2  
  53  3:59  Drone x3  
  53  4:02  Drone x2  
  58  4:04  Drone  
  58  4:05  Drone  
  58  4:09  Lair  
  60  4:13  Zergling x4  
  62  4:18  Extractor  
  62  4:20  Zergling x6  
  62  4:21  Drone  
  62  4:22  Overlord  
  65  4:27  Overlord  
  65  4:31  Overlord  
  65  4:37  Drone  
  65  4:40  Drone  
  65  4:42  Drone x2  
  67  4:47  Drone  
  67  4:48  Drone  
  67  4:49  Drone x2  
  67  4:50  Spore Crawler  
  67  4:51  Spore Crawler  
  69  4:53  Extractor  
  69  4:54  Drone x2  
  69  4:55  Drone x3  
  74  5:00  Drone x2  
  74  5:01  Drone  
  74  5:02  Extractor  
  75  5:07  Drone  
  75  5:08  Drone  
  75  5:09  Spire  
  75  5:12  Drone  
  77  5:14  Hatchery  
  77  5:20  Drone x4  
  80  5:23  Drone x2  
  80  5:24  Drone x2  
  80  5:25  Drone  
  85  5:29  Drone  
  85  5:32  Extractor, Drone x2  
  85  5:33  Extractor  
  86  5:36  Overlord  
  86  5:39  Overlord  
  86  5:46  Overlord  
  86  5:50  Overlord  
  86  5:53  Zergling x4  
  86  5:54  Zergling x4  
  90  6:00  Zergling x12, Evolution Chamber  
  90  6:01  Zergling x2  
  96  6:05  Zergling x4  
  96  6:09  Zergling x6  
  96  6:11  Drone  
  102  6:12  Baneling Nest  
  101  6:21  Hatchery  
  101  6:23  Mutalisk x3  
  101  6:24  Zerg Flyer Weapons Level 1  
  106  6:26  Zerg Ground Armor Level 1, Mutalisk x2  
  106  6:29  Mutalisk  
  112  6:34  Mutalisk  
  112  6:36  Drone x4  
  112  6:37  Drone x3  
  112  6:39  Drone  
  121  6:43  Mutalisk  
  121  6:45  Mutalisk  
  125  6:47  Zergling x6  
  125  6:48  Zergling x2  
  125  6:49  Zergling x2  
  130  6:56  Mutalisk  
  130  6:57  Mutalisk  
  130  6:58  Zergling x2  
  130  7:00  Zergling x2  
  124  7:13  Zergling x8  
  114  7:15  Mutalisk  
  114  7:17  Zergling x2  
  114  7:22  Mutalisk x2  
  116  7:24  Mutalisk  
  116  7:27  Zergling x10  
  116  7:28  Zergling x2  
  126  7:34  Drone x2  
  126  7:35  Centrifical Hooks, Drone x2  
  126  7:36  Drone  
  131  7:40  Drone x3  
  131  7:43  Drone  
  135  7:46  Drone x2  
  135  7:48  Overlord  
  135  7:51  Drone  
  138  7:57  Hatchery  
  137  7:59  Mutalisk x3  
  137  8:00  Overlord x2  
  137  8:02  Zergling x4  
  137  8:05  Zergling x4  
  147  8:12  Extractor, Drone  
  147  8:13  Extractor, Drone x4  
  147  8:14  Drone  
  147  8:15  Zergling x2  
  147  8:19  Zergling x2  
  153  8:21  Zergling x12, Evolution Chamber  
  158  8:29  Zergling x12  
  158  8:30  Zergling x10  
  158  8:31  Baneling  
  158  8:32  Baneling x9  
  169  8:34  Zergling x2  
  169  8:36  Zergling x4  
  172  8:41  Overlord  
  172  8:42  Overlord x2  
  172  8:43  Zergling x2  
  172  8:44  Zergling x2  
  174  8:51  Baneling  
  174  8:52  Baneling x18  
  174  8:53  Baneling x3  
  174  9:01  Zergling x2  
  174  9:02  Zergling x30  
  184  9:06  Baneling  
  184  9:07  Baneling x12  
  184  9:08  Overseer  
  184  9:10  Zergling x4  
  184  9:12  Zergling x2  
  184  9:13  Zergling x2  
  184  9:15  Zergling x4  
  190  9:17  Zergling x2  
  190  9:18  Zergling x16  
  190  9:19  Zergling x2  
  197  9:32  Overlord  
Tags
 
Add a new tag
Caveats
  • Supply blocks, unpowered buildings, or Contaminate may cause inaccurate times.
  • Supply counts are checked every 10 seconds.